 Dungeon Crawl Stone Soup version 0.31-a0-1112-ga3593d9 (webtiles) character file.

Game seed: 1476826395288278106

1863280 Kearsarge the Merry Gargoyle (level 26, 190/190 HPs)
             Began as a Gargoyle Hunter on Dec 3, 2023.
             Was an Initiate of Gozag.
             Escaped with the Orb
             ... and 3 runes on Dec 4, 2023!
             The game lasted 02:16:44 (53265 turns).

Kearsarge the Merry Gargoyle (Gargoyle Hunter)     Turns: 53265, Time: 02:16:44

Health: 190/190    AC: 43    Str: 27 (29) XL:     26   Next: 19%
Magic:  23/23      EV: 18    Int: 14 (16) God:    Gozag
Gold:   1011       SH: 20    Dex: 21 (22) Spells: 25/25 levels left

rFire   + . .        v - +1 hand cannon (chaos)
rCold   + + .        L - +5 kite shield {AC+3}
rNeg    + + +        l - +4 ring mail "Picaj Qul" {rPois rN++ Slay+3}
rPois   ∞            H - +2 hood of the Assassin {Detect Stab+ Stlth++}
rElec   +            s - scarf {rC+ rF+}
rCorr   +            W - +0 pair of gloves of the Chewing Gods {Dex+3}
SInv    +            P - +2 pair of boots {Fly}
Will    +....        F - amulet of Loodiss {Contam rN+ Regen+ Str+6 Int+2}
Stlth   ++           j - ring of Fuyt {rPois rN++ Int+2 SInv Stlth-}
HPRegen 1.31/turn    f - ring "Vyick" {rC+ rCorr Dex+6}
MPRegen 0.18/turn

%: no passive effects
@: flying
A: sickness immunity, AC +20, big wings, negative energy resistance 1,
electricity resistance, torment resistance 1, petrification resistance, hooves
1, clumsy 1, deformed body, screaming 2, wild magic 1, inability to drink after
injury 1
0: Orb of Zot
}: 3/15 runes: serpentine, barnacled, silver
a: Renounce Religion, Potion Petition, Call Merchant, Bribe Branch


You escaped.
You worshipped Gozag.
Gozag was most pleased with you.
You visited 10 branches of the dungeon, and saw 48 of its levels.
You visited 1 ziggurat, and saw 7 of its levels.
You also visited: Bailey and Gauntlet.

You collected 29728 gold pieces.
You spent 4457 gold pieces at shops.
You paid 24260 gold pieces to Gozag.

Inventory:

Hand Weapons
 v - a +1 hand cannon of chaos (weapon)
Missiles
 o - 2 throwing nets
 O - 14 curare-tipped darts
Armour
 l - the +4 ring mail "Picaj Qul" (worn) {rPois rN++ Slay+3}
   (You bought it in a shop on level 9 of the Dungeon)

   Slay+3:    It affects your accuracy & damage with ranged weapons and melee
   (+3).
   rPois:     It protects you from poison rN++: It greatly protects you from
   negative energy.
 s - a scarf of resistance (worn)
 H - the +2 hood of the Assassin (worn) {Detect Stab+ Stlth++}
   (You found it on level 3 of the Elven Halls)

   Detect:    It allows the wearer to sense nearby creatures.
   Stab+:     It allows the wearer to make particularly effective stabbing
   attacks against helpless or unaware enemies with any weapon.
   Stlth++:   It makes you much more stealthy.
 L - a +5 kite shield of protection (worn)
 P - a +2 pair of boots of flying (worn)
 W - the +0 pair of gloves of the Chewing Gods (worn) {Dex+3}
   (You found it in a Gauntlet)

   Dex+3:     It affects your dexterity (+3).
Jewellery
 f - the ring "Vyick" (right hand) {rC+ rCorr Dex+6}
   (You found it on level 3 of the Depths)

   [ring of dexterity]

   Dex+6:     It affects your dexterity (+6).
   rC+:       It protects you from cold.
   rCorr:     It protects you from acid and corrosion.
 j - the ring of Fuyt (left hand) {rPois rN++ Int+2 SInv Stlth-}
   (You found it on level 3 of the Depths)

   [ring of see invisible]

   Int+2:     It affects your intelligence (+2).
   rPois:     It protects you from poison rN++: It greatly protects you from
   negative energy.
   SInv:      It lets you see invisible.
   Stlth-:    It makes you less stealthy.
 r - the ring of Riaddann {rPois rF++}
   (You bought it in a shop on level 15 of the Dungeon)

   [ring of poison resistance]

   rF++:      It greatly protects you from fire.
   rPois:     It protects you from poison
 D - a ring of willpower
 F - the amulet of Loodiss (around neck) {Contam rN+ Regen+ Str+6 Int+2}
   (You bought it in a shop on level 9 of the Dungeon)

   [amulet of regeneration]

   Str+6:     It affects your strength (+6).
   Int+2:     It affects your intelligence (+2).
   rN+:       It protects you from negative energy.
   Contam:    It causes magical contamination when unequipped.
   Regen+:    It increases your rate of health regeneration.
Wands
 c - a wand of iceblast (17)
 i - a wand of mindburst (32)
 n - a wand of light (7)
 t - a wand of paralysis (23)
 J - a wand of digging (1)
 S - a wand of flame (14)
Scrolls
 b - 9 scrolls of vulnerability
 g - 6 scrolls of teleportation
 p - 11 scrolls of amnesia
 u - a scroll of poison
 y - 3 scrolls of enchant armour
 M - 4 scrolls of fog
 Q - 6 scrolls of noise
 R - 9 scrolls of silence
 T - 2 scrolls of immolation
 U - 7 scrolls of fear
Potions
 a - 8 potions of brilliance
 d - 10 potions of curing
 e - 5 potions of berserk rage
 h - 5 potions of magic
 k - 10 potions of enlightenment
 m - 2 potions of mutation
 q - 13 potions of lignification
 w - a potion of cancellation
 z - 8 potions of attraction
 A - 2 potions of invisibility
 B - a potion of ambrosia
 C - 5 potions of might
 I - 2 potions of resistance
 Z - 5 potions of heal wounds
Miscellaneous
 E - a phantom mirror (inert)
 K - a phial of floods
 V - a box of beasts
 X - a tin of tremorstones (inert)
 Y - a lightning rod (inert)


   Skills:
 - Level 26.1 Fighting
 O Level 27 Ranged Weapons
 + Level 23.9 Armour
 - Level 10.0 Dodging
 - Level 7.2 Stealth
 - Level 15.0 Shields


You had 25 spell levels left.
You didn't know any spells.
Your spell library contained the following spells:

 Spells                   Type           Power      Damage    Failure   Level
 Foxfire                  Conj/Fire      0%         2x1d4     54%         1
 Magic Dart               Conj           0%         1d3       54%         1
 Sandblast                Erth           0%         2d4       54%         1
 Slow                     Hex            0%         N/A       54%         1
 Sting                    Tmut/Pois      0%         1d3       54%         1
 Call Imp                 Summ           0%         N/A       67%         2
 Ensorcelled Hibernation  Hex/Ice        0%         N/A       67%         2
 Jinxbite                 Hex            0%         N/A       67%         2
 Lesser Beckoning         Tloc           0%         N/A       67%         2
 Poisonous Vapours        Pois/Air       0%         N/A       67%         2
 Scorch                   Fire           0%         2d5       67%         2
 Static Discharge         Conj/Air       0%         3-3/arc   67%         2
 Wereblood                Tmut           0%         N/A       67%         2
 Confusing Touch          Hex            0%         N/A       88%         3
 Dazzling Flash           Conj/Hex       0%         N/A       88%         3
 Frozen Ramparts          Ice            0%         1d1       88%         3
 Gell's Gravitas          Tloc           0%         N/A       88%         3
 Ignite Poison            Fire/Tmut/Pois 0%         N/A       88%         3
 Inner Flame              Hex/Fire       0%         N/A       88%         3
 Mephitic Cloud           Conj/Pois/Air  0%         N/A       88%         3
 Sigil of Binding         Hex            0%         N/A       88%         3
 Stone Arrow              Conj/Erth      0%         3d7       88%         3
 Teleport Other           Tloc           0%         N/A       88%         3
 Tukima's Dance           Hex            0%         N/A       88%         3
 Vampiric Draining        Necr           0%         2d6       88%         3
 Volatile Blastmotes      Fire/Tloc      0%         2d10      88%         3
 Anguish                  Hex/Necr       0%         N/A       99%         4
 Animate Armour           Summ/Erth      0%         N/A       99%         4
 Brom's Barrelling Bould  Conj/Erth      0%         2d3       99%         4
 Dimensional Bullseye     Hex/Tloc       0%         N/A       99%         4
 Flame Wave               Conj/Fire      0%         2d4       99%         4
 Fulminant Prism          Conj/Hex       0%         3d5       99%         4
 Iskenderun's Mystic Bla  Conj/Tloc      0%         2d3       99%         4
 Olgreb's Toxic Radiance  Pois           0%         N/A       99%         4
 Passage of Golubria      Tloc           0%         N/A       99%         4
 Petrify                  Tmut/Erth      0%         N/A       99%         4
 Sticky Flame             Conj/Fire      0%         2d3       99%         4
 Summon Ice Beast         Ice/Summ       0%         N/A       99%         4
 Borgnjor's Vile Clutch   Necr/Erth      0%         N/A       100%        5
 Fireball                 Conj/Fire      0%         3d3       100%        5
 Freezing Cloud           Conj/Ice/Air   0%         6-21      100%        5
 Iskenderun's Battlesphe  Conj           0%         2d6       100%        5
 Metabolic Englaciation   Hex/Ice        0%         N/A       100%        5
 Summon Forest            Summ/Tloc      0%         N/A       100%        5
 Summon Mana Viper        Hex/Summ       0%         N/A       100%        5
 Yara's Violent Unravell  Hex/Tmut       0%         3d3       100%        5
 Bombard                  Conj/Erth      0%         9d1       100%        6
 Conjure Ball Lightning   Conj/Air       0%         3x3d6     100%        6
 Death Channel            Necr           0%         N/A       100%        6
 Dispersal                Tloc           0%         N/A       100%        6
 Eringya's Noxious Bog    Tmut/Pois      0%         4d6       100%        6
 Plasma Beam              Fire/Air       0%         2x1d10    100%        6
 Starburst                Conj/Fire      0%         6d3       100%        6
 Summon Cactus Giant      Summ           0%         N/A       100%        6
 Haunt                    Necr/Summ      0%         N/A       100%        7
 Malign Gateway           Summ/Tloc      0%         N/A       100%        7
 Monstrous Menagerie      Summ           0%         N/A       100%        7
 Orb of Destruction       Conj           0%         9d5       100%        7
 Summon Hydra             Summ           0%         N/A       100%        7
 Ignition                 Fire           0%         3d3       100%        8
 Infestation              Necr           0%         N/A       100%        8
 Lehudib's Crystal Spear  Conj/Erth      0%         10d2      100%        8
 Summon Horrible Things   Summ           0%         N/A       100%        8
 Sublimation of Blood     Necr           Unusable   N/A       N/A         2
 Animate Dead             Necr           Unusable   N/A       N/A         4

Dungeon Overview and Level Annotations

Branches:
Dungeon (15/15)            Temple (1/1) D:6            Lair (5/5) D:8
 Shoals (4/4) Lair:2        Snake (4/4) Lair:3        Slime (0/5) Lair:5
    Orc (2/2) D:10            Elf (3/3) Orc:2        Vaults (5/5) D:14
  Crypt (0/3) Vaults:3     Depths (4/4) D:15            Zot (5/5) Depths:4
 Bailey (visited)         Gauntlet (visited)

Altars:
Ashenzari
Cheibriados
Dithmenos
Elyvilon
Fedhas
Gozag
Hepliaklqana
Kikubaaqudgha
Makhleb
Nemelex Xobeh
Okawaru
Qazlal
Ru
Sif Muna
Trog
Uskayaw
Vehumet
Wu Jian
Xom
Yredelemnul
Zin
The Shining One
Jiyva

Shops:
D:3 ?   D:7 !   D:9 =[=   D:11 (   D:15 =   Orc:1 ?*(   Orc:2 :=![[   Elf:3 (
Snake:2 =   Snake:3 =::=   Snake:4 **![   Vaults:2 =   Vaults:4 [   Depths:1 *[

Portals:
Hell: Depths:1 Depths:2 Depths:3 Depths:4
Abyss: Depths:3
Pandemonium: Depths:2 Depths:4
Trove: Depths:3 (give +6 ice dragon scales)

Annotations:
D:10 Erolcha
D:12 1 transporter, foff's ghost, journeyman FeCK
Shoals:3 3 runed translucent doors, Miffien's ghost, adept GnWn
Orc:2 Saint Roka
Elf:1 6 runed translucent doors
Elf:2 3 runed translucent doors, Louise
Elf:3 3 runed translucent doors
Zot:2 3 transporters
Zot:4 Parghit


Innate Abilities, Weirdness & Mutations

You are immune to sickness and miasma.
Your stone body is resilient. (AC +20)
You are immune to poison.
Your large and strong wings let you fly.
You resist negative energy. (rN+)
You are resistant to electric shocks. (rElec)
You are resistant to unholy torment.
You are immune to petrification.
You have large cloven feet.
You are clumsy. (Dex -2)
Armour fits poorly on your strangely shaped body.
You frequently scream uncontrollably at your foes.
Your spells are a little harder to cast, but a little more powerful.
You occasionally lose the ability to drink potions when taking damage.


Message History

Things that are here:
a +0 great sword; a +0 scale mail
There is a stone staircase leading up here.
What level of the Dungeon? (default 6, ? - help)
You fly upwards.
There is a stone staircase leading down here.
There is a stone staircase leading up here.
You fly upwards.
There is a stone staircase leading down here.
An Orhes and 2 liches come into view.
You scream at the lich!
The lich shouts! x2
The lich gestures wildly while chanting.
The lich flickers and vanishes for a moment.
The lich launches a ball of destructive magic.
An orb of destruction comes into view.
The orb of destruction moves out of view.
There is a stone staircase leading up here.
You fly upwards.
There is a stone staircase leading down here.
What level of the Dungeon? (default 1, ? - help)
There is a stone staircase leading up here.
You fly upwards.
There is a stone staircase leading down here.
There is a stone staircase leading up here.
You fly upwards.
There is a stone staircase leading down here.
You see here 5 stones.
Blink to where?
Press: ? - help, Q - select action, (/) - cycle Dir - move target
As you read the scroll of blinking, it crumbles to dust.
Aiming: Dig
Press: ? - help, Q - select action, (/) - cycle Shift-Dir - straight line You can't see that place. [a staircase leading out of the dungeon.]
The rock shatters into small pieces.
Blink to where?
Press: ? - help, Q - select action, (/) - cycle Dir - move target
As you read the scroll of blinking, it crumbles to dust.
You have escaped!

..........# ##.........#......
.........## #>...##...#####..
..........# ##....#..## #...
........#.#########.....######...
.#.....##....##...#....##.......#
#########..#.........#..#......##
##.##..#'#..##.........#
#..####⌠.###...#..)...##
###8..++⌠@⌠++..8.#........
#....###.⌠####...#...#.###
#...##...+#..##........# #
#...#.........#.#.###.## #
#..........##...#...#.####
#..........#####..........
#..........# #..........
#..........# #..........
############ ###########


There were no monsters in sight!

Vanquished Creatures
  Mennas (Vaults:5)
  An ancient lich (Vaults:5)
  2 orbs of fire
  Boris (4 times) (Vaults:4 Vaults:5 Depths:1 Depths:4)
  Frederick (Vaults:4)
  Vashnia (Snake:3)
  Nikola (Depths:1)
  4 curse toes
  Jory (Depths:3)
  6 golden dragons
  2 bone dragons
  The ghost of MrDizzy the Warrior, an adept BaIE of Gozag (Vaults:1)
  A pandemonium lord (Zig:3)
  2 electric golems (Zot:5)
  Jorgrun (D:13)
  12 tentacled monstrosities
  Mlioglotl (Snake:3)
  4 liches
  13 Orb Guardians
  4 quicksilver dragons
  A deep elf master archer (Elf:3)
  8 sphinxes
  An Executioner (Zig:3)
  Frances (D:14)
  5 death cobs
  4 titans
  3 tentacled starspawn
  An acid blob (Vaults:1)
  2 krakens
  Polyphemus (Shoals:4)
  Kirke (Shoals:3)
  10 storm dragons
  8 shadow dragons
  A tengu reaver (Depths:3)
  An azure jelly (Vaults:1)
  Roxanne (Snake:4)
  Aizul (Snake:1)
  5 draconian monks (Zot:1)
  8 frost giants
  6 draconian knights
  Ilsuiw (Shoals:3)
  15 vault wardens
  16 nagarajas
  7 fire giants
  5 draconian scorchers
  6 draconian stormcallers
  2 deep elf sorcerers (Elf:3)
  A balrug (D:15)
  3 spectral caustic shrikes (Depths:2)
  5 deep elf elementalists
  3 angels
  A ghost moth (Zot:4)
  5 orc warlords
  An iron dragon (Depths:3)
  2 spriggan defenders
  2 draconian shifters
  3 formless jellyfish
  13 ironbound preservers
  A cacodemon (D:15)
  A reaper (D:13)
  6 draconian annihilators
  2 demonspawn corrupters (D:6)
  6 ironbound thunderhulks
  10 stone giants
  13 very ugly things
  A quicksilver ooze (Vaults:1)
  7 deep elf demonologists
  4 vampire knights
  6 green draconians
  Nessos (D:14)
  A lorocyproca (D:14)
  5 deep elf annihilators
  21 black draconians
  7 yellow draconians
  4 spark wasps (Depths:1)
  13 purple draconians
  5 white draconians
  7 dire elephants
  8 red draconians
  A minotaur (Gauntlet)
  10 ettins
  3 deep elf death magi
  Josephine (D:14)
  2 crystal guardians
  2 merfolk javelineers (Shoals:4)
  2 green deaths
  12 merfolk impalers
  6 fire dragons
  6 deep elf high priests
  13 yaktaur captains
  5 vault guards
  3 entropy weavers
  A rakshasa (D:12)
  10 great orbs of eyes
  4 salamander tyrants (Snake:4)
  3 hydras
  7 ice dragons
  6 peacekeepers
  2 spriggan air magi
  14 ironbound frosthearts
  5 merfolk avatars
  2 catoblepae
  10 centaur warriors
  An ogre mage (D:15)
  3 hell beasts
  11 two-headed ogres
  A satyr (Shoals:4)
  5 anacondas
  Erica (D:8)
  4 boulder beetles
  5 deep troll shamans
  2 vampire magi
  2 alligators
  6 merfolk aquamancers (Shoals:4)
  4 alligator snapping turtles
  5 deep troll earth magi
  14 naga warriors
  5 tengu warriors
  3 death yaks (Shoals:4)
  13 dancing weapons
  Urug (Lair:5)
  2 orc high priests
  13 deep elf knights
  15 shock serpents
  2 spriggan berserkers
  A sun demon (Depths:2)
  2 soul eaters
  Nergalle (D:9)
  12 naga sharpshooters
  A wretched star (Zig:5)
  4 salamander mystics
  A sixfirhy (D:15)
  5 skysharks
  3 iron trolls
  47 deep trolls
  A flayed ghost (Depths:3)
  A spatial maelstrom (Zig:6)
  11 sea snakes
  An orange crystal statue (Vaults:1)
  A shadow demon (D:6)
  10 deep elf archers
  A glowing orange brain (Depths:2)
  Pikel (D:9)
  8 lindwurms
  9 arcanists
  11 orc knights
  23 harpies
  A large abomination (Zig:5)
  16 ironbound convokers
  6 naga ritualists
  2 phantasmal warriors (Vaults:5)
  A wolf spider (Zig:1)
  3 necromancers
  11 mana vipers
  3 orc sorcerers (Orc:2)
  12 deep elf zephyrmancers
  11 fauns
  16 deep elf pyromancers
  An oklob plant (Lair:5)
  9 moths of wrath
  19 manticores
  27 salamanders
  A shadow dragon skeleton (Vaults:3)
  29 ugly things
  6 cyclopes
  24 elephants
  A will-o-the-wisp (Zig:6)
  Maurice (D:7)
  A stone giant skeleton (Vaults:1)
  3 eyes of devastation
  11 merfolk sirens
  10 guardian serpents
  37 black mambas
  19 vault sentinels
  2 water nymphs (Shoals:4)
  3 smoke demons
  3 gargoyles
  Maggie (D:10)
  2 torpor snails
  A storm dragon simulacrum (Vaults:4)
  27 naga magi
  3 kobold demonologists
  4 rime drakes
  15 komodo dragons
  7 cane toads
  8 tengu conjurers
  A freezing wraith (Vaults:5)
  Jeremiah (D:9)
  Psyche (D:8)
  27 yaktaurs
  An efreet (D:15)
  A tormentor (Depths:4)
  A silent spectre (Zig:6)
  An ancient zyme (Zig:5)
  8 wind drakes
  8 saltlings (Orc:2)
  29 merfolk
  6 hornets
  4 polar bears
  A meliai (shapeshifter) (Depths:3)
  2 hellwings (D:10)
  11 trolls
  14 blink frogs
  A wolf spider simulacrum (Vaults:1)
  Prince Ribbit (D:7)
  3 raiju
  11 snapping turtles
  A glass eye (Zig:4)
  19 dream sheep
  A human simulacrum (Vaults:3)
  A jumping spider (Zig:1)
  A culicivora (Vaults:5)
  5 air elementals
  14 wraiths
  6 wyverns
  38 slime creatures
  2 vampires (D:11)
  39 yaks
  A ynoxinul (Depths:4)
  Eustachio (D:4)
  5 spriggans
  A yak (shapeshifter) (D:15)
  4 basilisks
  18 water elementals
  2 golden eyes (Zot:5)
  A redback (Vaults:1)
  8 vampire mosquitoes
  5 fire elementals
  16 humans
  5 steam dragons
  A chaos spawn (D:12)
  A neqoxec (Zig:5)
  2 acid dragons
  4 wargs
  2 ogre zombies
  12 water moccasins
  38 nagas
  A sky beast (shapeshifter) (Elf:1)
  A sky beast (D:7)
  4 black bears
  35 orc warriors
  4 ice beasts
  13 ogres
  27 wolves
  An ogre (shapeshifter) (D:15)
  A boggart (Vaults:2)
  15 centaurs
  4 lemures (D:9)
  2 phantoms
  An elf simulacrum (Vaults:4)
  8 kobold brigands
  A brain worm (shapeshifter) (D:15)
  A bullfrog (shapeshifter) (D:14)
  10 bullfrogs
  2 gnoll sergeants
  2 earth elementals
  A human skeleton (Vaults:1)
  A glowing shapeshifter simulacrum (Vaults:4)
  13 wights
  19 killer bees
  A howler monkey (D:5)
  3 lava snakes (Lair:3)
  2 gnoll boudas
  4 hounds
  12 orc priests
  13 starcursed masses (Zig:6)
  A sleepcap (D:6)
  5 iguanas
  2 lightning spires (Gauntlet)
  30 orc wizards
  19 gnolls
  5 adders
  3 shadow imps (Gauntlet)
  3 white imps
  A worm (D:4)
  85 orcs
  5 bats
  8 endoplasms
  2 giant cockroaches (shapeshifter) (Vaults:5)
  A giant cockroach (D:1)
  2 goblins (shapeshifter) (Vaults:5)
  25 goblins
  A hobgoblin (shapeshifter) (Vaults:5)
  19 hobgoblins
  6 jackals (D:2)
  2 quokkas (D:1)
  3 training dummies (D:11)
  4 ball pythons
  A bat (shapeshifter) (Depths:3)
  4 frilled lizards
  26 kobolds
  3 rats (D:1)
  5 starspawn tentacles
  3 tentacles
1975 creatures vanquished.

Vanquished Creatures (collateral kills)
  A golden dragon (Vaults:5)
  An electric golem (Zot:5)
  2 Orb Guardians (Zot:5)
  A storm dragon (Vaults:5)
  A deep elf sorcerer (Elf:3)
  A war gargoyle (Vaults:5)
  A very ugly thing (Vaults:5)
  A stone giant (Depths:3)
  A deep elf annihilator (Vaults:5)
  A white draconian (Zot:5)
  A purple draconian (Zot:5)
  4 vault guards (Vaults:5)
  An ogre mage (Orc:1)
  4 two-headed ogres (Orc:1)
  An arcanist (Elf:2)
  A deep elf pyromancer (Elf:2)
  An ironbound convoker (Vaults:5)
  A merfolk siren (Shoals:3)
  A water nymph (Shoals:3)
  A komodo dragon (Lair:5)
  A merfolk (Shoals:3)
  A wind drake (Shoals:3)
  A troll (Orc:1)
  A warg (Orc:1)
  An orc warrior (Orc:1)
  An ogre (Orc:1)
  An orc (Orc:1)
34 creatures vanquished.

Vanquished Creatures (others)
  3 dread liches (Zot:5)
  5 ancient liches
  An orb of fire (Zot:5)
  Boris (Depths:3)
  5 Killer Klowns (Zot:5)
  A golden dragon (Zot:5)
  3 tentacled monstrosities
  11 Orb Guardians (Zot:5)
  2 titans (Vaults:5)
  3 deep elf blademasters (Elf:3)
  A sphinx (Vaults:5)
  A draconian knight (Zot:4)
  A fire giant (Vaults:5)
  2 iron dragons (Vaults:5)
  A draconian annihilator (Zot:5)
  3 vault wardens (Vaults:5)
  A war gargoyle (Vaults:5)
  2 stone giants
  2 ironbound preservers (Vaults:5)
  A very ugly thing (Vaults:5)
  A purple draconian (Zot:5)
  A deep elf demonologist (Elf:3)
  4 deep elf annihilators (Elf:3)
  A red draconian (Zot:5)
  A white draconian (Zot:1)
  2 deep elf death magi
  2 deep elf high priests
  2 yaktaur captains (Vaults:5)
  20 vault guards (Vaults:5)
  An ogre mage (Vaults:5)
  A merfolk aquamancer (Shoals:4)
  A tengu warrior (Depths:1)
  A deep troll shaman (Depths:3)
  A necromancer (Vaults:5)
  An ironbound convoker (Vaults:5)
  3 deep elf zephyrmancers
  A guardian serpent (Snake:4)
  A vault sentinel (Vaults:5)
  A naga mage (Snake:3)
  A moth of wrath (Zot:5)
  A jumping spider (Vaults:5)
  4 humans (Shoals:4)
  3 redbacks (Vaults:5)
  An orc priest (D:10)
  An orc wizard (Elf:1)
  An orc (Orc:2)
  10 foxfires (Zig:6)
  6 starspawn tentacles
  11 tentacles
135 creatures vanquished.

Grand Total: 2144 creatures vanquished

Notes
Turn   | Place    | Note
-------+----------+-------------------------------------------
     0 | D:1      | Kearsarge the Gargoyle Hunter began the quest for the Orb.
     0 | D:1      | Reached XP level 1. HP: 12/12 MP: 1/1
    35 | D:1      | Reached XP level 2. HP: 18/18 MP: 2/2
   221 | D:1      | Reached XP level 3. HP: 22/22 MP: 3/3
   495 | D:1      | HP: 1/23 [gnoll/+0 spear (8)]
   640 | D:2      | Reached skill level 5 in Ranged Weapons
   658 | D:2      | Reached XP level 4. HP: 28/28 MP: 4/4
  1622 | D:2      | Reached XP level 5. HP: 30/32 MP: 5/5
  1760 | D:3      | Found Ixtathiopt's Magic Scroll Shop.
  1792 | D:3      | Bought a scroll of fear for 56 gold pieces
  1805 | D:3      | Found a radiant altar of Vehumet.
  2386 | D:4      | Reached skill level 6 in Ranged Weapons
  2550 | D:4      | Reached XP level 6. HP: 38/38 MP: 6/6
  2579 | D:3      | Bought a scroll of identify for 28 gold pieces
  2703 | D:4      | Noticed Eustachio
  3147 | D:5      | Entered Level 5 of the Dungeon
  3439 | D:5      | Noticed a black bear
  3523 | D:5      | Reached skill level 7 in Ranged Weapons
  3523 | D:5      | Reached XP level 7. HP: 30/44 MP: 4/7
  3630 | D:5      | Reached skill level 5 in Fighting
  4066 | D:6      | Found a staircase to the Ecumenical Temple.
  4071 | Temple   | Entered the Ecumenical Temple
  4091 | Temple   | Became a worshipper of Gozag Ym Sagoz the Greedy
  4282 | D:6      | Reached skill level 8 in Ranged Weapons
  4393 | D:6      | Noticed a steam dragon
  4453 | D:6      | Reached XP level 8. HP: 43/51 MP: 6/8
  4754 | D:6      | Reached skill level 9 in Ranged Weapons
  5232 | D:7      | Noticed Prince Ribbit
  5249 | D:7      | Killed Prince Ribbit
  5250 | D:7      | Reached skill level 10 in Ranged Weapons
  5250 | D:7      | Reached XP level 9. HP: 38/57 MP: 5/9
  5272 | D:7      | Found Huwn's Distillery.
  5287 | D:7      | Bought 2 potions of heal wounds for 110 gold pieces
  5287 | D:7      | Bought a potion of lignification for 33 gold pieces
  5287 | D:7      | Bought a potion of cancellation for 88 gold pieces
  5287 | D:7      | Bought a potion of heal wounds for 55 gold pieces
  5437 | D:7      | Found a flagged portal.
  5444 | D:7      | Identified the +0 ring mail of the Unbroken {Dex+2}
  5471 | Bailey   | Entered a bailey
  5929 | Bailey   | Identified a scroll of acquirement
  5929 | Bailey   | Acquired a +2 arbalest of flaming
  5986 | Bailey   | Reached skill level 11 in Ranged Weapons
  6040 | Bailey   | Noticed an orc warlord
  6059 | Bailey   | Killed an orc warlord
  6060 | Bailey   | Reached skill level 12 in Ranged Weapons
  6060 | Bailey   | Reached XP level 10. HP: 66/66 MP: 10/10
  6255 | Bailey   | Acquired 449 gold pieces
  6360 | D:7      | Noticed a two-headed ogre
  6391 | D:7      | Killed a two-headed ogre
  6767 | D:7      | Found a basalt altar of Yredelemnul.
  6768 | D:7      | Found a blossoming altar of Fedhas.
  6770 | D:7      | Found a stormy altar of Qazlal.
  6771 | D:7      | Found a sacrificial altar of Ru.
  6772 | D:7      | Found an ornate altar of the Wu Jian Council.
  6773 | D:7      | Found a white marble altar of Elyvilon.
  6774 | D:7      | Found a glowing silver altar of Zin.
  6830 | D:7      | Reached skill level 10 in Fighting
  6857 | D:7      | Found a bloodstained altar of Trog.
  6857 | D:7      | Found a hide-covered altar of Uskayaw.
  6963 | D:8      | Noticed a two-headed ogre
  6973 | D:7      | Reached skill level 13 in Ranged Weapons
  7000 | D:8      | Noticed Maurice
  7000 | D:8      | Noticed Psyche
  7007 | D:7      | Maurice stole a +4 heavy hand axe
  7014 | D:7      | Maurice stole 2 javelins
  7016 | D:7      | Killed Maurice
  7112 | D:8      | Found a shimmering altar of Xom.
  7165 | D:8      | Killed Psyche
  7368 | D:8      | Noticed a kobold demonologist
  7378 | D:8      | Reached skill level 1 in Armour
  7388 | D:9      | Killed a kobold demonologist
  7389 | D:9      | Reached XP level 11. HP: 61/73 MP: 11/11
  7568 | D:8      | Killed a two-headed ogre
  7569 | D:8      | Reached skill level 14 in Ranged Weapons
  7678 | D:8      | Noticed Erica
  7686 | D:8      | Killed Erica
  7744 | D:8      | Found an ancient bone altar of Kikubaaqudgha.
  7775 | D:8      | Found a staircase to the Lair.
  8142 | D:9      | Found an iron altar of Okawaru.
  8262 | D:9      | Reached skill level 5 in Armour
  8370 | D:9      | Noticed Pikel
  8390 | D:9      | Killed Pikel
  8562 | D:9      | Noticed Jeremiah
  8596 | D:9      | Killed Jeremiah
  8947 | D:9      | Found a shadowy altar of Dithmenos.
  9019 | D:10     | Entered Level 10 of the Dungeon
  9084 | D:10     | Noticed Nergalle
  9110 | D:9      | Killed Nergalle
  9111 | D:9      | Reached skill level 15 in Ranged Weapons
  9130 | D:10     | Found a staircase to the Orcish Mines.
  9161 | D:10     | Noticed Maggie
  9172 | D:10     | Killed Maggie
  9273 | D:10     | Noticed a two-headed ogre
  9312 | D:10     | Killed a two-headed ogre
  9364 | D:10     | Reached skill level 16 in Ranged Weapons
  9364 | D:10     | Reached XP level 12. HP: 78/78 MP: 12/12
 10063 | D:10     | Noticed Erolcha
 10179 | D:11     | Reached skill level 17 in Ranged Weapons
 10472 | D:9      | Bought the amulet of Loodiss {Contam rN+ Regen+ Str+6
                  | Int+2} for 890 gold pieces
 10546 | Orc:1    | Entered Level 1 of the Orcish Mines
 10708 | Orc:2    | Entered Level 2 of the Orcish Mines
 10708 | Orc:2    | Noticed an orc warlord
 10763 | Lair:1   | Entered Level 1 of the Lair of Beasts
 11097 | Lair:1   | Reached skill level 18 in Ranged Weapons
 11631 | Lair:2   | Noticed an eight-headed hydra
 11635 | Lair:2   | Killed an eight-headed hydra
 11723 | Lair:2   | Noticed a boulder beetle
 11725 | Lair:2   | Killed a boulder beetle
 11726 | Lair:2   | Reached XP level 13. HP: 83/83 MP: 13/13
 11800 | Lair:2   | Found a staircase to the Shoals.
 11873 | Lair:2   | Reached skill level 19 in Ranged Weapons
 12939 | Lair:3   | Found a staircase to the Snake Pit.
 12975 | Lair:3   | Reached skill level 20 in Ranged Weapons
 14123 | Lair:4   | Reached skill level 21 in Ranged Weapons
 14315 | Lair:5   | Entered Level 5 of the Lair of Beasts
 14321 | Lair:4   | Gained mutation: Your large and strong wings let you fly.
                  | [Gargoyle growth]
 14321 | Lair:4   | Reached XP level 14. HP: 88/88 MP: 14/14
 14674 | Lair:5   | Reached skill level 22 in Ranged Weapons
 14836 | Lair:5   | Found a shadowy altar of Dithmenos.
 14870 | Lair:5   | Found a viscous altar of Jiyva.
 14870 | Lair:5   | Found a staircase to the Slime Pits.
 15069 | Lair:5   | Noticed Urug
 15073 | Lair:5   | Killed Urug
 15216 | Lair:5   | Found the +7 captain's cutlass {speed, disarm}
 15781 | Orc:1    | Found Eryaq's General Store.
 15798 | Orc:1    | Found Kuenasesch's Weapon Shop.
 15960 | Orc:2    | Found a staircase to the Elven Halls.
 16051 | Orc:1    | Found Keushex's Magic Scroll Shop.
 16105 | Orc:1    | Bought a scroll of enchant weapon for 105 gold pieces
 16105 | Orc:1    | Bought a scroll of revelation for 105 gold pieces
 16105 | Orc:1    | Bought a scroll of fear for 56 gold pieces
 16105 | Orc:1    | Bought a scroll of blinking for 105 gold pieces
 16271 | Orc:2    | Killed an orc warlord
 16530 | Orc:2    | Reached skill level 5 in Stealth
 16530 | Orc:2    | Reached XP level 15. HP: 62/95 MP: 15/15
 16568 | Orc:2    | Noticed Saint Roka
 16612 | Orc:1    | You are sucked into a shaft and drop 1 floor!
 16800 | Orc:2    | Found Cytuw's Book Shop.
 16968 | Orc:2    | Found Fysin's Distillery.
 16970 | Orc:2    | Found Gowurr's Jewellery Boutique.
 16980 | Orc:2    | Bought a potion of curing for 48 gold pieces
 16980 | Orc:2    | Bought a potion of mutation for 128 gold pieces
 16980 | Orc:2    | Bought a potion of curing for 48 gold pieces
 16980 | Orc:2    | Bought a potion of heal wounds for 80 gold pieces
 16980 | Orc:2    | Bought a potion of resistance for 160 gold pieces
 16994 | Orc:2    | Noticed an orc warlord
 17013 | Orc:2    | Killed an orc warlord
 17100 | Orc:2    | Found Nypaigrir's Armour Emporium.
 17121 | Orc:2    | Bought a shiny helmet for 285 gold pieces
 17832 | D:11     | Found Opnisauss's Firing Range.
 17844 | D:11     | Bought 2 throwing nets for 78 gold pieces
 17844 | D:11     | Bought a +0 triple crossbow for 130 gold pieces
 17844 | D:11     | Bought a throwing net for 39 gold pieces
 18452 | D:12     | Found a transporter.
 18452 | D:12     | Noticed foff's ghost (journeyman FeCK)
 18453 | D:12     | Identified the +10 giant club of Jaykleuv {venom, Will+
                  | Int+3}
 18775 | D:13     | Identified the +2 helmet of Distant Shores {Str+4}
 19150 | D:13     | Noticed Jorgrun
 19197 | D:13     | Killed Jorgrun
 19286 | D:13     | Reached skill level 15 in Fighting
 19496 | D:14     | Noticed Nessos
 19496 | D:14     | Found a gate to the Vaults.
 19756 | D:14     | Found a gate leading to a gauntlet.
 19765 | Gauntlet | Entered a Gauntlet
 19765 | Gauntlet | Found a transporter.
 19778 | Gauntlet | Found a transporter.
 19791 | Gauntlet | Found a transporter.
 19796 | Gauntlet | Found a transporter.
 19811 | Gauntlet | Found a transporter.
 19830 | Gauntlet | Found a transporter.
 19842 | Gauntlet | Found a transporter.
 19854 | Gauntlet | Found a transporter.
 19862 | Gauntlet | Found a large runed translucent door.
 19863 | Gauntlet | Found a large runed translucent door.
 19864 | Gauntlet | Found a large runed translucent door.
 19864 | Gauntlet | Found a large runed translucent door.
 19865 | Gauntlet | Found a runed translucent gate.
 19866 | Gauntlet | Found a transporter.
 19866 | Gauntlet | Found a runed translucent gate.
 19867 | Gauntlet | Found a runed translucent gate.
 19868 | Gauntlet | Found a large runed translucent door.
 19868 | Gauntlet | Found a large runed translucent door.
 19869 | Gauntlet | Found a large runed translucent door.
 19870 | Gauntlet | Found a large runed translucent door.
 19878 | Gauntlet | Found a transporter.
 19895 | Gauntlet | Found a transporter.
 19909 | Gauntlet | Found a large runed translucent door.
 19910 | Gauntlet | Found a large runed translucent door.
 19911 | Gauntlet | Found a large runed translucent door.
 19911 | Gauntlet | Found a large runed translucent door.
 19912 | Gauntlet | Found a runed translucent door.
 19913 | Gauntlet | Found a transporter.
 19914 | Gauntlet | Found a runed translucent door.
 19915 | Gauntlet | Found a large runed translucent door.
 19915 | Gauntlet | Found a transporter.
 19915 | Gauntlet | Found a large runed translucent door.
 19916 | Gauntlet | Found a large runed translucent door.
 19942 | Gauntlet | Found a transporter.
 19944 | Gauntlet | Found a transporter.
 19958 | Gauntlet | Found a transporter.
 19962 | Gauntlet | Found a transporter.
 19996 | Gauntlet | Found a transporter.
 20078 | Gauntlet | Identified the +0 pair of gloves of the Chewing Gods
                  | {Dex+3}
 20454 | D:14     | Reached XP level 16. HP: 88/111 MP: 16/16
 20623 | D:14     | Noticed Josephine
 20626 | D:14     | Noticed Frances
 20627 | D:14     | Killed Josephine
 20658 | D:14     | Killed Frances
 21076 | D:15     | Entered Level 15 of the Dungeon
 21147 | D:15     | Found a radiant altar of Vehumet.
 21254 | D:14     | Killed Nessos
 21737 | D:15     | Found a staircase to the Depths.
 22244 | Elf:1    | Entered Level 1 of the Elven Halls
 22909 | Elf:1    | Paralysed by an air elemental for 1 turns
 23057 | Elf:1    | Reached XP level 17. HP: 124/124 MP: 17/17
 23132 | Elf:1    | Found a runed translucent gate.
 23132 | Elf:1    | Found a runed translucent gate.
 23132 | Elf:1    | Found a runed translucent gate.
 23132 | Elf:1    | Found a runed translucent gate.
 23132 | Elf:1    | Found a runed translucent gate.
 23135 | Elf:1    | Found a runed translucent gate.
 23212 | Elf:1    | Found a radiant altar of Vehumet.
 23578 | Elf:3    | Entered Level 3 of the Elven Halls
 23593 | Elf:3    | Found Zodecuxzy's Antique Weapon Shop.
 23605 | Elf:3    | Found a runed translucent gate.
 23605 | Elf:3    | Found a runed translucent gate.
 23606 | Elf:3    | Found a runed translucent gate.
 23841 | Elf:3    | Noticed a deep elf blademaster
 23864 | Elf:3    | Killed a deep elf blademaster
 23898 | Elf:3    | Killed a deep elf blademaster
 24036 | Elf:3    | Identified the +7 leather armour of the Ward {Dex+3}
 24036 | Elf:3    | Noticed a deep elf blademaster
 24053 | Elf:3    | Killed a deep elf blademaster
 24171 | Elf:3    | Identified the +4 scimitar "Luonehu" {drain, rF+ Will+
                  | Dex-4}
 24227 | Elf:3    | Identified the +6 dagger of Gozag's Vengeance {antimagic,
                  | Fragile rF+ rC++ SInv}
 24227 | Elf:3    | Noticed a deep elf master archer
 24232 | Elf:3    | Killed a deep elf master archer
 24255 | Elf:3    | Got The Lost Directory of the Luminary
 24265 | Elf:3    | Identified the ring of Beogh's Delight {AC+4 Str+2}
 24416 | Elf:3    | Found the +2 hood of the Assassin {Detect Stab+ Stlth++}
 25471 | Elf:2    | Found a runed translucent gate.
 25472 | Elf:2    | Found a runed translucent gate.
 25472 | Elf:2    | Found a runed translucent gate.
 25483 | Elf:2    | Noticed Louise
 25773 | Snake:1  | Entered Level 1 of the Snake Pit
 25971 | Snake:1  | Identified the serpent talisman of the Little Devil {rC++
                  | rN+ Will- rCorr Stlth-}
 25971 | Snake:1  | Noticed Aizul
 25981 | Snake:1  | Killed Aizul
 26479 | Snake:1  | Reached XP level 18. HP: 131/134 MP: 18/18
 26862 | Snake:1  | Reached skill level 5 in Dodging
 27298 | Snake:2  | Found Headosm's Jewellery Boutique.
 27914 | Snake:3  | Noticed Mlioglotl
 27920 | Snake:3  | Killed Mlioglotl
 28084 | Snake:3  | Found Meitwes's Book Boutique.
 28085 | Snake:3  | Found Dozxenoc's Jewellery Emporium.
 28086 | Snake:3  | Found Tejaev's Book Boutique.
 28239 | Snake:3  | Noticed Vashnia
 28272 | Snake:3  | Killed Vashnia
 28358 | Snake:3  | Found Liggaxas's Jewellery Shoppe.
 28428 | Snake:3  | Reached skill level 10 in Dodging
 28617 | Snake:4  | Entered Level 4 of the Snake Pit
 29012 | Snake:4  | Reached XP level 19. HP: 124/139 MP: 19/19
 29126 | Snake:4  | Found Mink's General Store.
 29136 | Snake:4  | Found Duhui's Specific Store.
 29146 | Snake:4  | Bought a scroll of fear for 72 gold pieces
 29190 | Snake:4  | Noticed Roxanne
 29247 | Snake:4  | Killed Roxanne
 29248 | Snake:4  | Reached skill level 10 in Armour
 29615 | Snake:4  | Got a serpentine rune of Zot
 29855 | Snake:4  | Reached skill level 23 in Ranged Weapons
 30084 | Shoals:1 | Entered Level 1 of the Shoals
 30972 | Shoals:2 | Identified the +5 great mace of Xom's Brutal Revenge {vamp,
                  | rC++ rN+ Will+ Dex-5}
 31575 | Shoals:3 | Found a runed translucent gate.
 31576 | Shoals:3 | Found a runed translucent gate.
 31580 | Shoals:3 | Found a runed translucent gate.
 31583 | Shoals:3 | Noticed Miffien's ghost (adept GnWn)
 31601 | Shoals:3 | Noticed Ilsuiw
 31640 | Shoals:3 | Killed Ilsuiw
 31775 | Shoals:3 | Reached skill level 24 in Ranged Weapons
 31797 | Shoals:3 | Reached XP level 20. HP: 118/145 MP: 20/20
 32307 | Shoals:4 | Entered Level 4 of the Shoals
 32334 | Shoals:4 | Noticed Kirke
 32383 | Shoals:3 | Killed Kirke
 32580 | Shoals:4 | Noticed Polyphemus
 32590 | Shoals:4 | Killed Polyphemus
 32933 | Shoals:4 | Reached skill level 25 in Ranged Weapons
 33517 | Shoals:4 | Got a barnacled rune of Zot
 33769 | Vaults:1 | Entered Level 1 of the Vaults
 33992 | D:4      | Killed Eustachio
 34037 | D:3      | Bought a scroll of teleportation for 42 gold pieces
 34037 | D:3      | Bought a scroll of teleportation for 42 gold pieces
 34779 | Vaults:1 | Reached skill level 26 in Ranged Weapons
 35026 | Vaults:1 | Found a runed translucent gate.
 35026 | Vaults:1 | Found a runed translucent gate.
 35026 | Vaults:1 | Found a runed translucent gate.
 35026 | Vaults:1 | Noticed MrDizzy's ghost (adept BaIE)
 35278 | Vaults:1 | Reached XP level 21. HP: 151/151 MP: 21/21
 35551 | Vaults:1 | Found a viscous altar of Jiyva.
 35562 | Vaults:1 | Killed MrDizzy's ghost
 35845 | Vaults:2 | Identified the +7 sling of Xuent {flame, rElec rF+++ Str+5
                  | Int-2}
 36069 | Vaults:2 | Found Ceffom's Jewellery Shoppe.
 36118 | Vaults:2 | Reached skill level 27 in Ranged Weapons
 37397 | Vaults:3 | Identified the +2 cloak of Ybrinn {rElec Str+3 Dex-2}
 37731 | Vaults:3 | Noticed a bone dragon
 37740 | Vaults:3 | Killed a bone dragon
 37745 | Vaults:3 | Found a staircase to the Crypt.
 38445 | Vaults:4 | Reached XP level 22. HP: 161/161 MP: 22/22
 38748 | Vaults:4 | Noticed Frederick
 38758 | Vaults:4 | Killed Frederick
 39020 | Vaults:4 | Noticed Boris
 39032 | Vaults:4 | Killed Boris
 39438 | Vaults:4 | Found Vickudwu's Armour Boutique.
 39490 | Vaults:5 | Entered Level 5 of the Vaults
 39497 | Vaults:5 | Noticed Mennas
 39528 | Vaults:5 | Killed an ancient lich
 39572 | Vaults:5 | Noticed a golden dragon
 39573 | Vaults:5 | Noticed an ancient lich
 39576 | Vaults:5 | Killed a golden dragon
 39818 | Vaults:5 | Noticed an ancient lich
 39823 | Vaults:5 | Killed an ancient lich
 39877 | Vaults:5 | Identified the +8 great sword of the Hall of Blades
                  | {freeze, rElec Dex+2}
 39878 | Vaults:5 | Killed Mennas
 39999 | Vaults:5 | Noticed Boris
 40028 | Vaults:5 | Killed Boris
 40236 | Vaults:5 | Reached skill level 5 in Shields
 40453 | Vaults:5 | Identified the +3 flail of Woimahof {pain, Fragile Will+
                  | rCorr Dex+5}
 40563 | Vaults:5 | Reached XP level 23. HP: 105/172 MP: 4/23
 40761 | Vaults:5 | Noticed an ancient lich
 40770 | Vaults:5 | Killed an ancient lich
 40936 | Vaults:5 | Got Nadofo's Vellum of the Combined Discharge
 41031 | Vaults:5 | Identified the +11 quarterstaff "Beast's Doom" {elec, rC+}
 41129 | Vaults:5 | Got a silver rune of Zot
 41316 | Vaults:5 | Identified the +5 great sword of Leal {flame, rF- rN+++
                  | Dex+2}
 41321 | Vaults:5 | Got Daiwer's Almanac of Bedrock and Enchantment
 41740 | Vaults:5 | Noticed a golden dragon
 41746 | Vaults:5 | Killed a golden dragon
 41976 | Depths:1 | Entered Level 1 of the Depths
 42034 | Depths:1 | Noticed Boris
 42044 | Depths:1 | Killed Boris
 42050 | Depths:1 | Noticed Nikola
 42084 | Depths:1 | Killed Nikola
 42085 | Depths:1 | Reached skill level 10 in Shields
 42322 | D:9      | Bought a steaming leather armour for 238 gold pieces
 42322 | D:9      | Identified the +0 leather armour of Japyerph {Rampage
                  | Will+} (You bought it in a shop on level 9 of the Dungeon)
 42324 | D:9      | Bought a smouldering ring mail for 306 gold pieces
 42324 | D:9      | Identified the +4 ring mail "Picaj Qul" {rPois rN++ Slay+3}
                  | (You bought it in a shop on level 9 of the Dungeon)
 42542 | D:15     | Bought the ring of Riaddann {rPois rF++} for 890 gold
                  | pieces
 42580 | Depths:1 | Found Wishejasch's Armour Shoppe.
 42885 | Depths:1 | Found Jeril's Assorted Antiques.
 42892 | Depths:1 | Bought a potion of heal wounds for 240 gold pieces
 42947 | Depths:1 | Found a gateway to Hell.
 43279 | Depths:1 | Found the +9 staff of Olgreb {rPois∞}
 43421 | Depths:1 | Identified the +0 leather armour of the Blind Marksman
                  | {rPois Will+ Dex+2 Stlth-}
 43440 | Depths:1 | Gained mutation: Your body sometimes deteriorates upon
                  | taking damage. [mutagenic glow]
 43452 | Depths:1 | Gained mutation: Your movements are slightly less
                  | encumbered by armour. (ER -2) [mutagenic glow]
 43777 | Depths:2 | Noticed a golden dragon
 43786 | Depths:2 | Killed a golden dragon
 44077 | Depths:2 | Found a one-way gateway to a ziggurat.
 44410 | Depths:2 | Found a one-way gate leading to the halls of Pandemonium.
 44661 | Zig:1    | Entered Level 1 of a ziggurat
 44684 | Zig:2    | Entered Level 2 of a ziggurat
 44725 | Zig:3    | Entered Level 3 of a ziggurat
 44728 | Zig:3    | Noticed Pussarih the pandemonium lord
 44753 | Zig:3    | Killed Pussarih the pandemonium lord
 44805 | Zig:4    | Entered Level 4 of a ziggurat
 44876 | Zig:4    | Identified the +7 hand axe of Oloxil {venom, rElec Dex+4}
 44887 | Zig:5    | Entered Level 5 of a ziggurat
 45051 | Zig:5    | Identified the +8 glaive of the Tundras {freeze, rN+ Dex+4}
 45054 | Zig:6    | Entered Level 6 of a ziggurat
 45086 | Zig:6    | Paralysed by accursed screaming for 2 turns
 45196 | Zig:6    | Identified the +10 morningstar of the Dwarven Hall {flame,
                  | Fly rC+ Str-3}
 45201 | Zig:7    | Entered Level 7 of a ziggurat
 45305 | Zig:7    | Identified the +0 leather armour of Henotheism {rF+ rCorr
                  | Str-5}
 45306 | Zig:7    | Identified the +8 short sword of Res Ipsa Loquitur {freeze,
                  | rPois}
 45308 | Zig:7    | Identified the ring "Birchonucs" {rC++ rCorr Str+2 Int+6
                  | Dex-2}
 45317 | Zig:7    | Got the Essays on Bedrock and Austromancy
 45387 | Depths:3 | Reached skill level 15 in Shields
 45495 | Depths:3 | Noticed Jory
 45522 | Depths:3 | Killed Jory
 45556 | Depths:3 | Noticed Boris
 45581 | Depths:3 | Killed Boris
 45582 | Depths:3 | Reached XP level 24. HP: 104/178 MP: 23/23
 45675 | Depths:3 | Found a transporter.
 45739 | Depths:3 | Found a one-way gate to the infinite horrors of the Abyss.
 45842 | Depths:3 | Found a shadowy altar of Dithmenos.
 45872 | Depths:3 | Found a transporter.
 45941 | Depths:3 | Found a portal to a secret trove of treasure.
 46119 | Depths:3 | Gained mutation: You sometimes lose your temper in combat.
                  | [mutagenic glow]
 46137 | Depths:3 | Gained mutation: Your body often deteriorates upon taking
                  | damage. [mutagenic glow]
 46154 | Depths:3 | Gained mutation: You have an uncontrollable temper.
                  | [mutagenic glow]
 46195 | Depths:3 | Identified the ring "Vyick" {rC+ rCorr Dex+6}
 46203 | Depths:3 | Identified the ring of Fuyt {rPois rN++ Int+2 SInv Stlth-}
 46213 | Depths:3 | Identified the ring of Ituqoysh {Will+ rCorr Str-3 Int+5}
 46996 | Depths:4 | Entered Level 4 of the Depths
 47002 | Depths:4 | Paralysed by a sphinx for 3 turns
 47189 | Depths:4 | Noticed Boris
 47295 | Depths:4 | Reached skill level 15 in Armour
 47403 | Depths:4 | Killed Boris
 47793 | Depths:4 | Paralysed by a sphinx for 4 turns
 47949 | Depths:4 | Found a gate to the Realm of Zot.
 48375 | Zot:1    | Entered Level 1 of the Realm of Zot
 48383 | Zot:1    | Noticed an orb of fire
 48420 | Zot:1    | Gained mutation: Armour fits poorly on your strangely
                  | shaped body. [an orb of fire]
 48422 | Zot:1    | Gained mutation: You are robust. (+10% HP) [an orb of fire]
 48430 | Zot:1    | Gained mutation: You have hidden genetic defects. [an orb
                  | of fire]
 48435 | Zot:1    | Killed an orb of fire
 48513 | Zot:1    | Lost mutation: You have hidden genetic defects. [potion of
                  | mutation]
 48513 | Zot:1    | Lost mutation: Your body often deteriorates upon taking
                  | damage. [potion of mutation]
 48513 | Zot:1    | Lost mutation: Armour fits poorly on your strangely shaped
                  | body. [potion of mutation]
 48513 | Zot:1    | Gained mutation: Your muscles are strong. (Str +4, Int/Dex
                  | -1) [potion of mutation]
 48513 | Zot:1    | Lost mutation: You are robust. (+10% HP) [potion of
                  | mutation]
 48514 | Zot:1    | Lost mutation: Your body sometimes deteriorates upon taking
                  | damage. [potion of mutation]
 48514 | Zot:1    | Lost mutation: Your movements are slightly less encumbered
                  | by armour. (ER -2) [potion of mutation]
 48514 | Zot:1    | Lost mutation: You have an uncontrollable temper. [potion
                  | of mutation]
 48514 | Zot:1    | Gained mutation: You occasionally lose the ability to read
                  | scrolls when taking damage. [potion of mutation]
 48514 | Zot:1    | Gained mutation: You have a pair of small horns on your
                  | head. [potion of mutation]
 48514 | Zot:1    | Gained mutation: You passively map a small area around you.
                  | [potion of mutation]
 48515 | Zot:1    | Lost mutation: You have a pair of small horns on your head.
                  | [potion of mutation]
 48515 | Zot:1    | Lost mutation: You sometimes lose your temper in combat.
                  | [potion of mutation]
 48515 | Zot:1    | Lost mutation: You occasionally lose the ability to read
                  | scrolls when taking damage. [potion of mutation]
 48515 | Zot:1    | Lost mutation: You passively map a small area around you.
                  | [potion of mutation]
 48515 | Zot:1    | Gained mutation: Your spells are a little harder to cast,
                  | but a little more powerful. [potion of mutation]
 48515 | Zot:1    | Gained mutation: Your flesh is heat resistant. (rF+)
                  | [potion of mutation]
 48913 | Zot:1    | Reached XP level 25. HP: 175/184 MP: 23/23
 49666 | Zot:2    | Identified the +8 spear "Lodah" {heavy, Fragile Str+4
                  | Int+3}
 49666 | Zot:2    | Noticed an orb of fire
 49668 | Zot:2    | Gained mutation: You occasionally lose the ability to read
                  | scrolls when taking damage. [an orb of fire]
 49673 | Zot:2    | Gained mutation: You occasionally shout uncontrollably at
                  | your foes. [an orb of fire]
 49680 | Zot:2    | Gained mutation: You are clumsy. (Dex -2) [an orb of fire]
 49682 | Zot:2    | Gained mutation: Your body sometimes deteriorates upon
                  | taking damage. [an orb of fire]
 49684 | Zot:2    | Gained mutation: You are frail. (-10% HP) [an orb of fire]
 49685 | Zot:2    | Killed an orb of fire
 49798 | Zot:2    | Lost mutation: You are frail. (-10% HP) [potion of
                  | mutation]
 49798 | Zot:2    | Lost mutation: You occasionally lose the ability to read
                  | scrolls when taking damage. [potion of mutation]
 49894 | Zot:2    | Found a transporter.
 49898 | Zot:2    | Found a transporter.
 49898 | Zot:2    | Found a transporter.
 50635 | Zot:4    | Noticed Parghit
 51246 | Zot:5    | Entered Level 5 of the Realm of Zot
 51375 | Zot:5    | Noticed a Killer Klown
 51462 | Zot:5    | Noticed an ancient lich
 51480 | Zot:5    | Noticed a Killer Klown
 51483 | Zot:5    | Noticed an ancient lich
 51510 | Zot:5    | Killed an ancient lich
 51518 | Zot:5    | Noticed a dread lich
 51519 | Zot:5    | Noticed a Killer Klown
 51519 | Zot:5    | Noticed a dread lich
 51519 | Zot:5    | Noticed a dread lich
 51524 | Zot:5    | Noticed an orb of fire
 51527 | Zot:5    | Noticed a Killer Klown
 51528 | Zot:5    | Killed a Killer Klown
 51556 | Zot:5    | Killed a Killer Klown
 51627 | Zot:5    | Noticed a Killer Klown
 51647 | Zot:5    | Killed a Killer Klown
 51689 | Zot:5    | Killed an ancient lich
 51839 | Zot:5    | Killed a Killer Klown
 51859 | Zot:5    | Noticed an orb of fire
 51953 | Zot:5    | Killed an orb of fire
 52128 | Zot:5    | Noticed a Killer Klown
 52227 | Zot:5    | Noticed a Killer Klown
 52285 | Zot:5    | Reached XP level 26. HP: 190/190 MP: 23/23
 52300 | Zot:5    | Noticed an orb of fire
 52304 | Zot:5    | Gained mutation: You occasionally lose the ability to drink
                  | potions when taking damage. [an orb of fire]
 52306 | Zot:5    | Gained mutation: You are frail. (-10% HP) [an orb of fire]
 52308 | Zot:5    | Noticed an ancient lich
 52322 | Zot:5    | Lost mutation: You occasionally lose the ability to drink
                  | potions when taking damage. [potion of mutation]
 52322 | Zot:5    | Lost mutation: Your flesh is heat resistant. (rF+) [potion
                  | of mutation]
 52322 | Zot:5    | Gained mutation: You have large cloven feet. [potion of
                  | mutation]
 52323 | Zot:5    | Lost mutation: Your body sometimes deteriorates upon taking
                  | damage. [potion of mutation]
 52323 | Zot:5    | Lost mutation: You are frail. (-10% HP) [potion of
                  | mutation]
 52323 | Zot:5    | Gained mutation: You occasionally lose the ability to drink
                  | potions when taking damage. [potion of mutation]
 52323 | Zot:5    | Gained mutation: Your body sometimes deteriorates upon
                  | taking damage. [potion of mutation]
 52323 | Zot:5    | Gained mutation: Your muscles are very strong. (Str +8,
                  | Int/Dex -2) [potion of mutation]
 52324 | Zot:5    | Lost mutation: Your spells are a little harder to cast, but
                  | a little more powerful. [potion of mutation]
 52324 | Zot:5    | Lost mutation: Your body sometimes deteriorates upon taking
                  | damage. [potion of mutation]
 52324 | Zot:5    | Lost mutation: Your muscles are very strong. (Str +8,
                  | Int/Dex -2) [potion of mutation]
 52324 | Zot:5    | Gained mutation: Your spells are a little harder to cast,
                  | but a little more powerful. [potion of mutation]
 52324 | Zot:5    | Gained mutation: You are robust. (+10% HP) [potion of
                  | mutation]
 52361 | Zot:5    | Killed a Killer Klown
 52370 | Zot:5    | Lost mutation: Your muscles are strong. (Str +4, Int/Dex
                  | -1) [an orb of fire]
 52375 | Zot:5    | Lost mutation: You are robust. (+10% HP) [an orb of fire]
 52390 | Zot:5    | Gained mutation: You frequently scream uncontrollably at
                  | your foes. [an orb of fire]
 52400 | Zot:4    | Identified the +2 leather armour of Vynint {Harm MP-9 Int+2
                  | Stlth+}
 52586 | Zot:5    | Got the Orb of Zot
 52655 | Zot:5    | Gained mutation: Armour fits poorly on your strangely
                  | shaped body. [an orb of fire]
 52677 | Zot:4    | Noticed a seraph
 52826 | Depths:2 | Noticed Irosucuk the pandemonium lord
 52933 | D:15     | Noticed Acoip the pandemonium lord
 52967 | D:13     | Noticed Waetouty the pandemonium lord
 53217 | D:4      | Noticed Orhes the pandemonium lord
 53265 | D:$      | Escaped with the Orb!

Illustrated notes

Levels and vault maps discovered:
D:1:      grunt_arrival_crossed_arrows, layout_rooms
D:2:      layout_loops_ring, serial_bayou_pond_e, minmay_goblin_outpost
D:3:      layout_basic, lemuel_round_altar, serial_shops,
          nicolae_shop_advertising_works [nicolae_subvault_shop_adworks]
D:4:      layout_loops_ring, uniq_eustachio
D:5:      layout_basic, chequers_serial_rivers_micro_b, roderic_malta_cross
D:6:      layout_basic, temple_statues
D:7:      layout_loops_ring, gammafunk_temple_overflow_wave, minitemple,
          serial_shops, shop, enter_bailey_2, uniq_prince_ribbit1
D:8:      layout_loops_cross, lemuel_crystal_altar,
          mainiacjoe_overflow_tiny_flanked, david_lair_generic, uniq_maurice,
          uniq_erica, uniq_psyche
D:9:      layout_basic, mainiacjoe_overflow_alcove_4,
          mainiacjoe_overflow_brackets, uniq_pikel, uniq_jeremiah
D:10:     minmay_recursive_quarters, layout_stronghold, uniq_maggie,
          uniq_erolcha, uniq_nergalle
D:11:     layout_grid_maze, nicolae_shop_firing_range
D:12:     layout_roguey, gammafunk_ghost_smash
D:13:     layout_loops_cross, uniq_jorgrun
D:14:     layout_gridville, david_vaults_3, chequers_hall_statues_y,
          gauntlet_entry_generic, uniq_frances, uniq_josephine
D:15:     hangedman_depths_entry_civil_slaughter, layout_cave_pools,
          fiery_altar_vehumet
Temple:   hellmonk_temple_of_storms
Lair:1:   layout_chaotic_city, beast_lair_carwin_1, serial_bayou_shore_a
Lair:2:   layout_hall_layers, shoals_dummy_entry, grunt_forest_large_clearings,
          lemuel_fruit_tree, grunt_megastairs_5
Lair:3:   dreamdust_cave_troll, layout_cave_pods,
          nicolae_snake_entry_warm_welcome
Lair:4:   layout_cellular_growth, grunt_megastairs_3
Lair:5:   gammafunk_lair_ancient_temple, layout_cave_pods, slime_entry_1,
          basic_altar, dreamdust_gnoll_shepherd, uniq_urug
Shoals:1: layout_shoals
Shoals:2: layout_shoals, nicolae_shoals_siren_and_animal_friends
Shoals:3: layout_shoals, serial_shops, shop, gammafunk_ghost_split,
          nicolae_shoals_lost_giant_temple, uniq_ilsuiw
Shoals:4: shoals_end_simple, layout_shoals, uniq_kirke, uniq_polyphemus
Snake:1:  cheibrodos_forgotten_conduit, layout_honeycomb, st_stairs_2,
          uniq_aizul
Snake:2:  layout_onion_interference, serial_shops, shop
Snake:3:  layout_grid_maze, serial_shops, nicolae_shop_real_fake_doors,
          grunt_megastairs_2, minmay_shop_grove, uniq_mlioglotl, uniq_vashnia
Snake:4:  grunt_snake_rune_spirals, layout_concentric_octagons,
          nicolae_specific_store, uniq_roxanne
Orc:1:    layout_caves, serial_shops, shop, shop, shop, nicolae_orc_tapped_out
Orc:2:    hellmonk_orc_salted, layout_diamond_mine, uniq_saint_roka, uniq_nessos
Elf:1:    layout_onion_city, basic_altar, orc_legates
Elf:2:    nicolae_elf_blades_crystal_corner, layout_geoelf_grid, billiards_dpeg,
          uniq_agnes, uniq_louise
Elf:3:    minmay_elf_hall_quartered_circle, layout_loops_corners, serial_shops,
          shop, corexii_checkpoint, nicolae_elf_hall_of_bonks
Vaults:1: gammafunk_ghost_ooze, nicolae_vaults_stepped_doors, v_alt_pattern_1,
          nicolae_vaults_trapezoid_lopsided_3, v_misc_1, nicolae_vaults_two_Ls,
          nicolae_vaults_alarming, vaults_standard_mumra_x,
          nicolae_vaults_statue_guard, nicolae_vaults_more_shelving_1,
          vaults_mumra_chevron, layout_vaults_ring
Vaults:2: nicolae_vaults_border_crossing, ontoclasm_vaults_bender,
          nicolae_vaults_tangram_2, vaults_dpeg_encased_lava, v_misc_13,
          nicolae_vaults_tetromino_Z_1, vaults_room_grunt_arrival_ludios,
          nicolae_vaults_what_the_h, layout_vaults_omnigrid, serial_shops, shop
Vaults:3: v_misc_12, nicolae_vaults_network_s, dpeg_vaults_monster_row,
          vaults_standard_mumra_enter_the_diamond, v_misc_27,
          nicolae_vaults_shipping_containers_3,
          minmay_crypt_entry_nasty_monster, v_misc_2, layout_vaults_maze_snakey
Vaults:4: nicolae_vaults_shrinking_rooms_2, dpeg_vaults_monster_box,
          nicolae_vaults_heart-shaped_vault, nicolae_vaults_closet_pinwheel_3,
          v_misc_1, nicolae_vaults_display_case,
          nicolae_vaults_taking_the_gang_shopping,
          nicolae_vaults_little_squares_2, v_alt_pattern_4,
          nicolae_vaults_trapezoid_3, v_misc_22, layout_vaults_big_room,
          uniq_boris, uniq_frederick
Vaults:5: serial_shops, uniq_mennas
Depths:1: layout_honeycomb, minmay_misc_feat_more_columns, hell_entry,
          kilobyte_mutagenic_chamber, minmay_shoptagon, uniq_nikola
Depths:2: minmay_curly_fans, layout_honeycomb, enter_ziggurat_f,
          rand_demon_pan_entry_4, pf_hell_entry_tar_river, chequers_jeans
Depths:3: gammafunk_its_a_trap, layout_basic, lightli_enter_wizlab_magi_temple,
          abyss_entry, nicolae_trove_entry_crossroad, pf_coc_iceberg,
          interstate_on_off, kennysheep_nondescript,
          grunt_dithmenos_smoke_and_mirrors, uniq_jory
Depths:4: evilmike_zot_entry_argh, layout_cave_pools,
          grunt_pan_entry_in_and_out, serial_bayou_lagoon_a, hell_entry
Zot:1:    layout_misc_corridors
Zot:2:    layout_concentric_octagons, nicolae_diode_intersection
Zot:3:    layout_onion, gammafunk_ghost_grave, regret_index_zotdec_iron_s
Zot:4:    layout_cellular_growth, uniq_parghit
Zot:5:    layout_misc_corridors

Skill      XL: |  1  2  3  4  5  6  7  8  9 10 11 12 13 14 15 16 17 18 19 20 21 22 23 24 25 |
---------------+----------------------------------------------------------------------------+-----
Fighting       | 3 4 5 7 9 10 11 16 20 22 24 26 | 26.1
Ranged Weapons | 5 6 7 8 10 12 13 16 18 21 22 24 26 27 | 27.0
Armour         | 2 5 6 8 12 18 23 | 23.9
Stealth        | 5 7 |  7.2
Dodging        | 3 10 | 10.0
Shields        | 7 15 | 15.0

Action                     |  1- 3 |  4- 6 |  7- 9 | 10-12 | 13-15 | 16-18 | 19-21 | 22-24 | 25-27 || total
---------------------------+-------+-------+-------+-------+-------+-------+-------+-------+-------++-------
  Melee: Shortbow          |       |       |     2 |       |       |       |       |       |       ||     2
         Arbalest          |       |       |       |     2 |       |       |       |       |       ||     2
         Longbow           |       |       |       |       |       |       |       |     1 |       ||     1
         Hand cannon       |       |       |       |       |       |       |       |       |    14 ||    14
   Fire: Shortbow          |   106 |   271 |   408 |       |       |       |       |       |       ||   785
         Arbalest          |       |       |    30 |   571 |   639 |       |       |       |       ||  1240
         Triple crossbow   |       |       |       |       |   289 |   106 |       |       |       ||   395
         Longbow           |       |       |       |       |       |  1246 |  1514 |   260 |       ||  3020
         Hand cannon       |       |       |       |       |       |       |       |  1611 |   931 ||  2542
  Throw: Dart              |       |       |     2 |     4 |       |       |       |       |       ||     6
         Throwing net      |       |       |       |       |       |       |       |     4 |     3 ||     7
 Invoke: Call Merchant     |       |       |       |     2 |     1 |     2 |       |     2 |       ||     7
         Potion Petition   |       |       |       |       |     1 |     2 |     2 |     7 |     3 ||    15
         Bribe Branch      |       |       |       |       |       |     1 |       |     1 |     2 ||     4
  Evoke: Wand              |       |       |       |    10 |     8 |     5 |     4 |    30 |    32 ||    89
         Phial of floods   |       |       |       |       |     1 |     2 |       |     3 |       ||     6
         Box of beasts     |       |       |       |       |     1 |     1 |       |     2 |     1 ||     5
         Lightning rod     |       |       |       |       |       |    10 |     8 |    10 |     5 ||    33
         Phantom mirror    |       |       |       |       |       |       |       |     2 |     1 ||     3
         Tin of tremorston |       |       |       |       |       |       |       |     2 |     2 ||     4
    Use: Scroll            |     3 |    12 |     9 |    12 |    21 |    13 |    11 |    17 |    14 ||   112
         Potion            |       |       |       |     7 |     6 |       |     3 |    10 |    13 ||    39
 Armour: Leather armour    |    31 |    96 |   163 |   276 |   550 |   437 |   703 |   373 |       ||  2629
         Ring mail         |       |       |       |       |       |       |       |   839 |   554 ||  1393
  Dodge: Dodged            |    26 |    96 |    92 |   157 |   324 |   222 |   641 |   796 |   373 ||  2727
  Block: Other             |       |       |       |    19 |       |       |       |       |       ||    19
         Reflection        |       |       |       |     2 |       |       |       |       |       ||     2
         Kite shield       |       |       |       |       |       |       |       |  1082 |   691 ||  1773

Table legend: (Time is in decaauts)
 A = Elapsed time spent in this place.
 B = Non-inter-level travel time spent in this place.
 C = Inter-level travel time spent in this place.
 D = Time resting spent in this place.
 E = Time spent auto-exploring this place.
 F = Levels seen in this place.
 G = Mean time per level.
                   A        B        C        D        E       F      G
               +--------+--------+--------+--------+--------+-----+--------+
         Total |  53595 |  43165 |  10430 |   2102 |  26786 |  57 |  940.3 |
       Dungeon |  16167 |   9831 |   6336 |    492 |   5882 |  15 | 1077.8 |
        Temple |     40 |      2 |     38 |      0 |      0 |   1 |   40.0 |
          Lair |   5263 |   4586 |    677 |     35 |   3482 |   5 | 1052.6 |
        Shoals |   3484 |   3176 |    308 |    180 |   2082 |   4 |  871.0 |
     Snake Pit |   3993 |   3750 |    243 |      6 |   2685 |   4 |  998.2 |
  Orcish Mines |   1881 |   1185 |    696 |     57 |    527 |   2 |  940.5 |
   Elven Halls |   3181 |   2848 |    333 |     45 |   2158 |   3 | 1060.3 |
        Vaults |   7720 |   7367 |    353 |    330 |   5090 |   5 | 1544.0 |
        Depths |   5498 |   5102 |    396 |    176 |   3449 |   4 | 1374.5 |
           Zot |   4471 |   3424 |   1047 |    601 |    878 |   5 |  894.2 |
      Ziggurat |    658 |    658 |      0 |      0 |    353 |   7 |   94.0 |
        Bailey |    795 |    795 |      0 |    179 |      0 |   1 |  795.0 |
      Gauntlet |    438 |    438 |      0 |      0 |    198 |   1 |  438.0 |
               +--------+--------+--------+--------+--------+-----+--------+

Top non-repeatable levels by time:
Vaults:5: 2224 daAuts
Depths:3: 1815 daAuts
     D:9: 1582 daAuts
    D:11: 1540 daAuts
Vaults:1: 1532 daAuts
Vaults:2: 1453 daAuts
Vaults:4: 1438 daAuts
    D:10: 1423 daAuts
   Zot:5: 1351 daAuts
    D:14: 1299 daAuts
Depths:4: 1295 daAuts
   Orc:2: 1290 daAuts
   Elf:3: 1278 daAuts
     D:7: 1266 daAuts
 Snake:4: 1263 daAuts
